 Seeded DCSS version 0.29-a0-100-g60f898f876 (webtiles) character file.

Game seed: 6000200499986173706 (custom seed)

85 innerfire433 the Cudgeller (level 4, -2/37 HPs)
             Began as a Demonspawn Monk on Feb 14, 2022.
             Killed by divine providence
             ... invoked by an orc priest
              (15 damage)
             ... on level 2 of the Dungeon.
             The game lasted 00:02:34 (1941 turns).

innerfire433 the Cudgeller (Demonspawn Monk)        Turns: 1941, Time: 00:02:35

Health: -2/37      AC:  6    Str: 13    XL:     4   Next: 25%
Magic:  4/4        EV:  9    Int: 12    God:
Gold:   87         SH:  4    Dex: 15    Spells: 3/3 levels left

rFire   . . .      SeeInvis .   a - +0 mace
rCold   . . .      Faith    .   (no shield)
rNeg    . . .      Spirit   .   h - +0 scale mail
rPois   .          Reflect  .   (no helmet)
rElec   .          Harm     .   (no cloak)
rCorr   .          Rampage  .   (no gloves)
Will    .....                   (no boots)
Stlth   +.........              (no amulet)
HPRegen 0.12/turn               (no ring)
MPRegen 0.09/turn               (no ring)

@: no status effects
A: hooves 1, large bone plates 1
a: no special abilities


You were on level 2 of the Dungeon.
You visited 1 branch of the dungeon, and saw 2 of its levels.

You collected 87 gold pieces.

Inventory:

Hand Weapons
 a - a +0 mace (weapon)
 f - a +3 hunting sling
Armour
 b - a +0 robe
 d - a +0 ring mail
 h - a +0 scale mail (worn)
Scrolls
 c - 3 scrolls of identify {unknown}
 e - a scroll of blinking {unknown}
 g - 2 scrolls of fog {unknown}
 i - a scroll of brand weapon {unknown}
 j - 5 scrolls of noise {unknown}


   Skills:
 + Level 3.8 Fighting
 * Level 4.0 Maces & Flails
 - Level 2.7 Dodging
 - Level 1.9 Stealth


You had 3 spell levels left.
You didn't know any spells.
Your spell library contained the following spells:

 Spells                   Type           Power      Damage    Failure   Level
 Call Canine Familiar     Summ           0%         N/A       99%         3
 Portal Projectile        Hex/Tloc       0%         N/A       99%         3
 Leda's Liquefaction      Hex/Erth       0%         N/A       100%        4


Dungeon Overview and Level Annotations

Branches:
Dungeon (2/15)

Altars:

Shops:
D:2 ?


Innate Abilities, Weirdness & Mutations

You have large cloven feet.
You are partially covered in large bone plates. (SH +4)


Message History

You hit the orc. Your kick misses the orc.
The orc is moderately wounded.
You closely miss the orc.
The orc is heavily wounded.
You thump the orc!
You kill the orc!
The orc priest casts a cantrip, but nothing happens.
The orc hits you but does no damage.
You sock the orc!
You kill the orc!
The bat hits you but does no damage.
You hit the orc but do no damage. You kick the orc, but do no damage.
The orc hits you but does no damage. x2
The orc priest calls down the wrath of Beogh upon you.
Beogh smites you!
You hit the orc but do no damage. You kick the orc, but do no damage.
You block the orc's attack.
You hit the orc. Your kick misses the orc.
The orc is heavily wounded.
The orc hits you but does no damage.
You barely miss the orc. You kick the orc, but do no damage.
The orc is heavily wounded.
The orc hits you with a +0 hand axe.
You hit the orc but do no damage. You kick the orc, but do no damage.
The orc is heavily wounded.
The orc priest calls upon Beogh to heal the orc.
The orc's wounds heal themselves!
The orc hits you but does no damage.
You hit the orc but do no damage. The orc closely misses you. x2
You hit the orc but do no damage.
The orc priest looks satisfied for a moment.
The orc hits you but does no damage.
You hit the orc. Your kick misses the orc.
The orc is moderately wounded.
The orc barely misses you.
You closely miss the orc. You kick the orc, but do no damage.
The orc is moderately wounded.
The orc barely misses you.
The orc priest calls down the wrath of Beogh upon you.
Beogh smites you!
You die...

####.#.###..#.#
##.##.#......#.##.
#)#..)#####...†...
##.#### ####)###
#.# #.... #.#
##..## ##.# #...##
#..# #..... #@##
#...## ####o#
###.## ####..bo#
#... #.......#
#.## #.##.##.###
#.#. #. #...# #.#.
#......# #.#.
####...# #...
........ ..####.


You could see an orc priest, an orc and a bat.

Vanquished Creatures
  An orc priest (D:2)
  2 adders (D:2)
  A dart slug (D:2)
  4 orcs (D:2)
  3 bats
  5 endoplasms
  A giant cockroach (D:2)
  A goblin (D:2)
  2 hobgoblins
  2 kobolds (D:2)
  3 quokkas
  A ball python (D:1)
  2 frilled lizards
  4 rats
32 creatures vanquished.

Notes
Turn   | Place    | Note
-------+----------+-------------------------------------------
     0 | D:1      | innerfire433 the Demonspawn Monk began the quest for the
                  | Orb.
     0 | D:1      | Reached XP level 1. HP: 18/18 MP: 1/1
   593 | D:1      | Gained mutation: You are partially covered in large bone
                  | plates. (SH +4) [demonic ancestry]
   593 | D:1      | Reached XP level 2. HP: 23/24 MP: 2/2
   713 | D:1      | Reached skill level 3 in Maces & Flails
  1091 | D:2      | Found Fiuro's Magic Scroll Boutique.
  1425 | D:2      | Reached XP level 3. HP: 29/29 MP: 3/3
  1650 | D:2      | Gained mutation: You have large cloven feet. [demonic
                  | ancestry]
  1650 | D:2      | Reached XP level 4. HP: 23/37 MP: 4/4
  1860 | D:2      | Reached skill level 4 in Maces & Flails
  1941 | D:2      | Killed from afar by an orc priest

Illustrated notes

Levels and vault maps discovered:
D:1:      scummos_arrival_gate, layout_loops_ring, minmay_misc_feat_tower
D:2:      layout_loops_cross, serial_shops, shop_scrolls, serial_park_tiny_1,
          minmay_misc_feat_ornament

Skill      XL: |  1  2  3  4 |
---------------+-------------+-----
Maces & Flails | 3 4 |  4.0
Fighting       | |  3.8
Dodging        | |  2.7
Stealth        | |  1.9

Action                   |  1- 3 |  4- 6 || total
-------------------------+-------+-------++-------
Melee: Mace              |    81 |    27 ||   108
       Punch             |     3 |     1 ||     4
       Kick              |       |    11 ||    11
 Stab: Sleeping          |     1 |       ||     1
Armor: Scale mail        |    24 |    10 ||    34
       Ring mail         |     1 |       ||     1
Dodge: Dodged            |    40 |     9 ||    49
Block: Other             |    15 |     8 ||    23

Table legend: (Time is in decaauts)
 A = Elapsed time spent in this place.
 B = Non-inter-level travel time spent in this place.
 C = Inter-level travel time spent in this place.
 D = Time resting spent in this place.
 E = Time spent auto-exploring this place.
 F = Levels seen in this place.
 G = Mean time per level.
                   A        B        C        D        E       F      G
               +--------+--------+--------+--------+--------+-----+--------+
         Total |   1965 |   1965 |      0 |      0 |   1496 |   2 |  982.5 |
       Dungeon |   1965 |   1965 |      0 |      0 |   1496 |   2 |  982.5 |
               +--------+--------+--------+--------+--------+-----+--------+

Top non-repeatable levels by time:
     D:1: 1096 daAuts
     D:2: 869 daAuts
